[Event "Titled Tuesday Blitz June 6 Late 2023"]
[White "Jovic, Stanoje"]
[Black "Narayanan.S.L"]
[WhiteFideId "905020"]
[BlackFideId "5058422"]
[WhiteElo "2236"]
[BlackElo "2563"]
[Result "0-1"]
[Round "7"]
[TimeControl "180+2"]
[Date "2023.06.07"]
[WhiteClock "0:00:18"]
[BlackClock "0:00:43"]
[Board "11"]

1. c4 e5 2. g3 Nc6 3. Bg2 f5 4. Nh3 Nh6 5. O-O Nf7 6. d3 g5 7. f4 exf4 8. gxf4 g4 9. Nf2 h5 10. e4 Bc5 11. Nc3 d6 12. Nd5 h4 13. Be3 h3 14. Bh1 Bxe3 15. Nxe3 Qh4 16. exf5 g3 17. Bxc6+ bxc6 18. Ne4 gxh2+ 19. Kxh2 Nh6 20. Qe1 Qxe1 21. Raxe1 Kf8 22. Ng3 d5 23. d4 c5 24. dxc5 d4 25. Nd5 Ng4+ 26. Kh1 Bb7 27. Ne4 Re8 28. b4 Ne3 29. Nef6 Rd8 30. b5 Nxf1 31. c6 Bc8 32. Rxf1 Bxf5 33. Nxc7 Kf7 34. Ncd5 Rd6 35. c7 Rxf6 36. Nxf6 Kxf6 37. Rd1 d3 38. Kh2 Rg8 39. Rd2 Rg2+ 40. Rxg2 hxg2 41. c5 d2 42. b6 g1=Q+ 0-1


[Site "https://www.chess.com"]

[Event "Titled Tuesday Blitz June 6 Late 2023"]
[White "Caruana, Fabiano"]
[Black "Daggupati, Balaji"]
[WhiteFideId "2020009"]
[BlackFideId "2090759"]
[WhiteElo "2832"]
[BlackElo "2735"]
[Result "0-1"]
[Round "7"]
[TimeControl "180+2"]
[Date "2023.06.07"]
[WhiteClock "0:01:01"]
[BlackClock "0:02:11"]
[Board "12"]

1. g4 d5 2. Bg2 c6 3. h3 e5 4. d3 Be6 5. c3 Nd7 6. Nf3 h5 7. Ng5 hxg4 8. Nxe6 fxe6 9. hxg4 Rxh1+ 10. Bxh1 Qh4 11. Bf3 Ngf6 12. e3 e4 13. Be2 exd3 14. Qxd3 Ne4 15. Nd2 Nxf2 16. Qg6+ Kd8 17. Qh5 Nd3+ 18. Kd1 Qe1+ 0-1


[Site "https://www.chess.com"]

[Event "Titled Tuesday Blitz June 6 Late 2023"]
[White "Terry, Renato"]
[Black "Kollars, Dmitrij"]
[WhiteFideId "3803457"]
[BlackFideId "12909572"]
[WhiteElo "2575"]
[BlackElo "2584"]
[Result "0-1"]
[Round "7"]
[TimeControl "180+2"]
[Date "2023.06.07"]
[WhiteClock "0:00:01"]
[BlackClock "0:00:38"]
[Board "13"]

1. Nf3 d5 2. b3 Nf6 3. Bb2 Bf5 4. g3 e6 5. Bg2 h6 6. O-O Be7 7. d3 O-O 8. Nbd2 Bh7 9. Ne5 Nfd7 10. Nxd7 Nxd7 11. e4 c6 12. Qe2 a5 13. a3 Re8 14. Kh1 Qb6 15. Rab1 Rad8 16. f4 Bc5 17. e5 Bd4 18. Bc1 f6 19. Nf3 fxe5 20. fxe5 Bc5 21. b4 axb4 22. axb4 Be7 23. Bh3 Nf8 24. Be3 Qc7 25. Qf2 Ra8 26. Bb6 Qd7 27. Nd4 Bg6 28. Qe2 Kh7 29. Qg4 Ra4 30. Bc5 Bxc5 31. bxc5 Bf5 32. Rxf5 exf5 33. Qxf5+ Qxf5 34. Bxf5+ g6 35. Rxb7+ Kh8 36. Nxc6 gxf5 37. Rf7 Ne6 38. Rf6 Kg7 39. Rxf5 Rf8 40. g4 Rxg4 41. Rxf8 Kxf8 0-1


[Site "https://www.chess.com"]

[Event "Titled Tuesday Blitz June 6 Late 2023"]
[White "Martinez Alcantara, Jose Eduardo"]
[Black "Elsa167"]
[WhiteFideId "3805662"]
[WhiteElo "2711"]
[BlackElo "2884"]
[Result "1-0"]
[Round "7"]
[TimeControl "180+2"]
[Date "2023.06.07"]
[WhiteClock "0:01:14"]
[BlackClock "0:00:15"]
[Board "14"]

1. e4 e6 2. d4 d5 3. Nd2 Nf6 4. e5 Nfd7 5. c3 c5 6. Ndf3 Be7 7. Bd3 b6 8. Ne2 Ba6 9. Bxa6 Nxa6 10. O-O Nab8 11. Nf4 Nc6 12. a3 c4 13. g3 h5 14. h4 g6 15. Nh3 Qc7 16. Qc2 O-O-O 17. Bf4 Kb7 18. Rfe1 Na5 19. Bg5 Nc6 20. Nf4 Rdf8 21. Kg2 Qd8 22. Re3 Qe8 23. Rae1 Bxg5 24. Nxg5 Ne7 25. Rf3 Nf5 26. Kg1 Qe7 27. Ng2 Nb8 28. Ne3 Nc6 29. Nxf5 gxf5 30. Qd1 Rfg8 31. Rf4 Qd7 32. Kh2 Rg7 33. Nh3 Ne7 34. Rf3 Ng6 35. Rfe3 Rhg8 36. f4 Rh8 37. Ng5 Ne7 38. a4 Nc6 39. Qc2 Na5 40. Ra1 Rgg8 41. Ree1 Rc8 42. Ra3 Ka8 43. Kg2 Qe7 44. Kf2 Qd7 45. Rea1 Rc7 46. Nf3 Qe7 47. Nd2 Rg8 48. Rg1 Qf8 49. Qd1 Rh8 50. Ra2 Qg7 51. Qc2 Qg4 52. Nf3 Qg8 53. Ng5 Qf8 54. Ra3 Qe7 55. Rga1 Qd7 56. Rd1 Qe7 57. Ke1 Qf8 58. Qe2 Qe7 59. Qf3 Kb8 60. Kf1 Qf8 61. Kg2 Qe7 62. Kh2 Qf8 63. Rg1 Qe7 64. Nh3 Qf8 65. Nf2 Qe7 66. Nd1 Qf8 67. Ne3 Nb3 68. Rxb3 cxb3 69. Qd1 Qc8 70. Qxb3 Qa6 71. Qc2 Rhc8 72. Kg2 Qb7 73. Kf2 Ka8 74. Qe2 Rh8 75. Ra1 a5 76. Nc2 Qc8 77. Na3 Qg8 78. Nb5 Rd7 79. Nd6 Ka7 80. b4 Rxd6 81. exd6 Qd8 82. bxa5 bxa5 83. Rb1 Qxd6 84. Qb5 Qa6 85. Qc5+ Ka8 86. Rb6 Qa7 87. Qc6+ 1-0


[Site "https://www.chess.com"]

[Event "Titled Tuesday Blitz June 6 Late 2023"]
[White "Bluebaum, Matthias"]
[Black "Indjic, Aleksandar"]
[WhiteFideId "24651516"]
[BlackFideId "911925"]
[WhiteElo "2639"]
[BlackElo "2614"]
[Result "0-1"]
[Round "7"]
[TimeControl "180+2"]
[Date "2023.06.07"]
[WhiteClock "0:00:03"]
[BlackClock "0:00:13"]
[Board "15"]

1. d4 Nf6 2. c4 c5 3. d5 e6 4. Nc3 exd5 5. cxd5 d6 6. Nf3 g6 7. Bg5 a6 8. a4 h6 9. Bh4 g5 10. Bg3 Nh5 11. Nd2 Nd7 12. Nc4 Nxg3 13. hxg3 Nb6 14. Ne3 Bg7 15. Qc2 a5 16. Nf5 Bxf5 17. Qxf5 O-O 18. e3 c4 19. Be2 Re8 20. O-O Rc8 21. Rab1 Rc5 22. Rfd1 Qe7 23. Bf3 Bxc3 24. bxc3 Nxa4 25. Qc2 b5 26. Ra1 Qf6 27. Rd4 Ra8 28. Be4 Re8 29. Bf3 Kg7 30. Be2 Ra8 31. Bxc4 Nb6 32. Ba2 b4 33. Bb1 Rxc3 34. Qh7+ Kf8 35. Bd3 b3 36. Rb1 a4 37. f4 g4 38. Rb4 Nd7 39. Bb5 Rb8 40. Rxa4 Rxb5 41. Ra7 Nb6 42. Rb7 Rc8 43. Kh2 b2 44. e4 Rb4 45. e5 Qg7 46. Qf5 Qg6 47. Qxg6 fxg6 48. e6 Nxd5 49. Rf7+ Kg8 50. Rd7 Nc3 51. Rxb2 Rxb2 52. e7 Re8 53. Rxd6 Kf7 54. f5 gxf5 55. Rxh6 Ne4 56. Rh7+ Kf6 57. Rh6+ Kxe7 58. Rh7+ Kf6 59. Rh6+ Kg5 60. Rh7 Re6 61. Rg7+ Rg6 62. Rc7 Rh6+ 63. Kg1 Rb1+ 64. Rc1 Rxc1# 0-1


[Site "https://www.chess.com"]

[Event "Titled Tuesday Blitz June 6 Late 2023"]
[White "Matlakov, Maxim"]
[Black "Yanchenko, Roman"]
[WhiteFideId "4168003"]
[BlackFideId "4137329"]
[WhiteElo "2666"]
[BlackElo "2491"]
[Result "1-0"]
[Round "7"]
[TimeControl "180+2"]
[Date "2023.06.07"]
[WhiteClock "0:00:53"]
[BlackClock "0:00:07"]
[Board "16"]

1. Nf3 d5 2. d4 Nf6 3. Bg5 Bf5 4. e3 c6 5. c4 Qb6 6. Qc1 Bxb1 7. Rxb1 Ne4 8. Bd3 e6 9. Bxe4 dxe4 10. Nd2 Bb4 11. O-O Bxd2 12. Qxd2 Nd7 13. Qc2 Qa5 14. Bf4 Qf5 15. Bd6 Qg6 16. b4 h5 17. b5 h4 18. bxc6 bxc6 19. h3 Rh5 20. Kh1 e5 21. c5 exd4 22. exd4 Rg5 23. Rfe1 f5 24. f3 Nf6 25. Rb7 Rd8 26. Qb3 Nd5 27. fxe4 fxe4 28. Qa4 Rxd6 29. cxd6 Qxd6 30. Qxa7 Ne7 31. Rxe4 Qg3 32. Rexe7+ Kf8 33. Qa8+ Qb8 34. Qxb8# 1-0


[Site "https://www.chess.com"]

[Event "Titled Tuesday Blitz June 6 Late 2023"]
[White "Wagner, Dennis"]
[Black "Svane, Rasmus"]
[WhiteFideId "24650684"]
[BlackFideId "4657101"]
[WhiteElo "2478"]
[BlackElo "2601"]
[Result "0-1"]
[Round "7"]
[TimeControl "180+2"]
[Date "2023.06.07"]
[WhiteClock "0:00:01"]
[BlackClock "0:00:42"]
[Board "17"]

1. d4 Nf6 2. Nf3 d5 3. c4 e6 4. g3 h6 5. Bg2 Bd6 6. O-O O-O 7. b3 b6 8. Bb2 Bb7 9. Nc3 Nbd7 10. cxd5 exd5 11. Rc1 c6 12. Re1 Re8 13. Qc2 Rc8 14. Qf5 Nf8 15. Ne5 g6 16. Qh3 Kg7 17. e4 Ne6 18. Nf3 Bb4 19. e5 Nh7 20. a3 Be7 21. Ne2 c5 22. Nf4 Nhf8 23. Qg4 Kh7 24. h4 h5 25. Nxh5 gxh5 26. Qxh5+ Kg8 27. Bh3 Ng7 28. Qh6 Rc6 29. Qd2 Bc8 30. Bg2 Bf5 31. Ng5 Bxg5 32. hxg5 Nfe6 33. dxc5 Rxc5 34. Rxc5 bxc5 35. Bxd5 Nxg5 36. Kg2 Bh3+ 37. Kh1 Be6 0-1


[Site "https://www.chess.com"]

[Event "Titled Tuesday Blitz June 6 Late 2023"]
[White "Rosen, Eric"]
[Black "Ibarra Jerez, Jose Carlos"]
[WhiteFideId "2032562"]
[BlackFideId "2226332"]
[WhiteElo "2331"]
[BlackElo "2631"]
[Result "0-1"]
[Round "7"]
[TimeControl "180+2"]
[Date "2023.06.07"]
[WhiteClock "0:00:02"]
[BlackClock "0:00:46"]
[Board "18"]

1. d4 Nf6 2. Bf4 d5 3. e3 c5 4. Nf3 Nc6 5. Nbd2 e6 6. c3 cxd4 7. exd4 Nh5 8. Be3 Bd6 9. Ne5 g6 10. g4 Ng7 11. h4 Nxe5 12. dxe5 Bxe5 13. h5 O-O 14. Nf3 Bf6 15. Qd2 d4 16. cxd4 b6 17. Ne5 Bb7 18. Rh3 Rc8 19. Be2 Be4 20. f3 Bb7 21. Rd1 Qd5 22. b3 Rfd8 23. Bc4 Qd6 24. hxg6 fxg6 25. Bf4 Qe7 26. Qh2 Ne8 27. g5 Bxe5 28. Bxe5 Bd5 29. Bd3 Qf7 30. f4 Nd6 31. Kd2 Ne4+ 32. Bxe4 Bxe4 33. Ke3 Rc3+ 34. Kd2 Rc2+ 35. Ke3 Rxh2 36. Rxh2 Bb7 37. Rc1 Rd7 38. Rhc2 Qf5 39. Rc7 Qe4+ 40. Kd2 Rxd4+ 41. Bxd4 Qxd4+ 0-1


[Site "https://www.chess.com"]

[Event "Titled Tuesday Blitz June 6 Late 2023"]
[White "Zakhartsov, Vladimir"]
[Black "Martic, Ivan"]
[WhiteFideId "4145097"]
[BlackFideId "929301"]
[WhiteElo "2508"]
[BlackElo "2346"]
[Result "1/2-1/2"]
[Round "7"]
[TimeControl "180+2"]
[Date "2023.06.07"]
[WhiteClock "0:00:04"]
[BlackClock "0:00:13"]
[Board "19"]

1. d4 Nf6 2. c4 g6 3. Nc3 Bg7 4. e4 d6 5. h3 O-O 6. Be3 e5 7. d5 Na6 8. g4 Nc5 9. f3 a5 10. Qd2 Bd7 11. Nge2 c6 12. h4 cxd5 13. cxd5 b5 14. h5 b4 15. Nd1 Bxg4 16. fxg4 Nfxe4 17. Qc2 Rc8 18. Bg2 f5 19. O-O Qh4 20. hxg6 Qxg4 21. gxh7+ Kh8 22. Nf2 Nxf2 23. Bxf2 f4 24. Kh2 Rf6 25. Bh3 Rh6 26. Ng1 f3 27. Bxc5 e4 28. Kh1 Be5 29. Qh2 Bxh2 30. Bxg4 Rxc5 31. Nh3 Bf4 32. Rae1 Rh4 33. Bf5 Rc2 34. Rxe4 Rh2+ 35. Kg1 Rg2+ 36. Kh1 Rh2+ 37. Kg1 Rg2+ 38. Kh1 Rh2+ 1/2-1/2


[Site "https://www.chess.com"]

[Event "Titled Tuesday Blitz June 6 Late 2023"]
[White "Zhigalko, Sergei"]
[Black "Manukyan, Sargis A."]
[WhiteFideId "13502956"]
[BlackFideId "13303970"]
[WhiteElo "2626"]
[BlackElo "2187"]
[Result "1-0"]
[Round "7"]
[TimeControl "180+2"]
[Date "2023.06.07"]
[WhiteClock "0:00:12"]
[BlackClock "0:00:08"]
[Board "20"]

1. e4 c5 2. Nf3 d6 3. d4 cxd4 4. Qxd4 a6 5. Bc4 Nc6 6. Qd3 Nf6 7. Nc3 e6 8. Bf4 Be7 9. O-O-O e5 10. Bg5 Be6 11. Bxf6 gxf6 12. Nd5 b5 13. Bb3 Rc8 14. Kb1 Rg8 15. g3 Na5 16. Nh4 Nc4 17. Nf5 Bxf5 18. exf5 Nb6 19. Nb4 Rg4 20. f4 exf4 21. Nxa6 f3 22. Qxf3 Rgc4 23. Qb7 R4c6 24. Nb4 Rc5 25. Na6 R5c6 26. Rhe1 Kf8 27. Re2 Nd7 28. Nb4 Rc5 29. Nd3 Rxf5 30. Qe4 Rh5 31. Nf4 Rh6 32. Qd5 Qe8 33. Qxb5 Ne5 34. Qd5 Rc5 35. Qe4 f5 36. Qxf5 Kg7 37. Nd5 Qf8 38. Rf1 Rf6 39. Nxf6 Ng6 40. Qf2 d5 41. Nxd5 Rxc2 42. Bxc2 Bg5 43. Bxg6 hxg6 44. Qxf7+ Qxf7 45. Rxf7+ Kh6 46. Rf3 Bf6 47. Nxf6 Kg5 48. Re5+ Kh6 49. Ng4+ Kg7 50. Re7+ Kg8 51. Rc3 1-0


[Site "https://www.chess.com"]

[Event "Titled Tuesday Blitz June 6 Late 2023"]
[White "Wadsworth, Matthew J"]
[Black "Kramnik, Vladimir"]
[WhiteFideId "415804"]
[BlackFideId "4101588"]
[WhiteElo "2347"]
[BlackElo "2703"]
[Result "1-0"]
[Round "7"]
[TimeControl "180+2"]
[Date "2023.06.07"]
[WhiteClock "0:00:03"]
[BlackClock "0:00:01"]
[Board "21"]

1. c4 e6 2. g3 d5 3. Bg2 Nf6 4. Nf3 Be7 5. O-O O-O 6. b3 c5 7. cxd5 Nxd5 8. Bb2 b6 9. d4 Bb7 10. dxc5 Bxc5 11. Nbd2 Nd7 12. Ne4 Ne3 13. Nxc5 Nxd1 14. Nxb7 Qe7 15. Rfxd1 Rab8 16. Nd6 Rfd8 17. Ba3 Nc5 18. Bxc5 bxc5 19. Nc4 Rxd1+ 20. Rxd1 Rd8 21. Rc1 f6 22. e3 Qd7 23. h4 e5 24. Nfd2 Qe7 25. Ne4 f5 26. Nc3 e4 27. Bf1 h6 28. h5 Kh7 29. Be2 Qf6 30. Na4 Rd5 31. Kg2 g5 32. hxg6+ Kxg6 33. Nc3 Rd7 34. Bf1 h5 35. Ne2 h4 36. Nf4+ Kh6 37. Be2 Rh7 38. Rh1 Kg7 39. Nh5+ Rxh5 40. Bxh5 hxg3 41. fxg3 Qc3 42. Kf2 Qc2+ 43. Be2 Qxa2 44. Rd1 a5 45. Rd7+ Kf6 46. Ra7 Qxb3 47. Rxa5 Qb4 48. Ra6+ Kg7 49. Nd6 Kh7 50. Nxf5 c4 51. Rc6 c3 52. Nd4 Qf8+ 53. Kg2 Qa3 54. g4 Qc1 55. Kf2 Qh1 56. Rxc3 Qh2+ 57. Ke1 Qg1+ 58. Kd2 Qa1 59. Rc7+ Kg6 60. Rc6+ Kg5 61. Rc5+ Kh4 62. Rf5 Kg3 63. g5 Qb2+ 64. Nc2 Qg7 65. Rd5 Qg6 66. Bc4 Qb6 67. Kc3 Qc7 68. Kd4 1-0


[Site "https://www.chess.com"]

[Event "Titled Tuesday Blitz June 6 Late 2023"]
[White "Kleiman, Jake"]
[Black "Kevlishvili, Robby"]
[WhiteFideId "2020041"]
[BlackFideId "1040634"]
[WhiteElo "2682"]
[BlackElo "2572"]
[Result "1-0"]
[Round "7"]
[TimeControl "180+2"]
[Date "2023.06.07"]
[WhiteClock "0:01:47"]
[BlackClock "0:01:44"]
[Board "22"]

1. e4 b6 2. d4 Bb7 3. Bd3 e6 4. Nf3 d5 5. exd5 Qxd5 6. O-O Nf6 7. Re1 Be7 8. Nc3 Qd8 9. Bg5 O-O 10. Qe2 Nbd7 11. Rad1 Nd5 12. Qe4 g6 13. Bxe7 Nxc3 14. Qxb7 1-0


[Site "https://www.chess.com"]

[Event "Titled Tuesday Blitz June 6 Late 2023"]
[White "Shuvalova, Polina"]
[Black "Xiong, Jeffery"]
[WhiteFideId "24171760"]
[BlackFideId "2047640"]
[WhiteElo "2281"]
[BlackElo "2726"]
[Result "0-1"]
[Round "7"]
[TimeControl "180+2"]
[Date "2023.06.07"]
[WhiteClock "0:00:04"]
[BlackClock "0:00:45"]
[Board "23"]

1. e4 e6 2. d4 d5 3. Nd2 c5 4. exd5 Qxd5 5. Ngf3 cxd4 6. Bc4 Qd7 7. O-O Nc6 8. Nb3 a6 9. Nbxd4 Nxd4 10. Nxd4 Qc7 11. Bd3 Bd6 12. h3 Ne7 13. c3 O-O 14. Re1 h6 15. Qf3 Bd7 16. Bd2 Rad8 17. Rad1 Qc8 18. Bc2 e5 19. Qg3 Kh8 20. Nf3 Bf5 21. Bxf5 Qxf5 22. Qg4 Qc2 23. Bc1 Nc6 24. Rd2 Qb1 25. Rdd1 Qxa2 26. Qh5 Qe6 27. Ng5 Qe7 28. Ne4 Bc7 29. Bxh6 Kg8 30. Bg5 f6 31. Bh4 Qe6 32. Ng3 Ne7 33. Qf3 b5 34. Ne2 Bb6 35. Bg3 Qb3 36. Rxd8 Rxd8 37. Qb7 Qe6 38. Kh2 Bc5 39. Ng1 Qc6 40. Qxc6 Nxc6 41. Nf3 a5 42. Re2 a4 43. Bh4 Na5 44. g4 Nc4 45. g5 Kf7 46. gxf6 gxf6 47. Bg3 Rd3 48. Nh4 Ke6 49. f4 Be3 50. fxe5 fxe5 51. Kg2 Bc1 52. Nf3 Ne3+ 0-1


[Site "https://www.chess.com"]

[Event "Titled Tuesday Blitz June 6 Late 2023"]
[White "Blohberger, Felix"]
[Black "Svane, Frederik"]
[WhiteFideId "1632051"]
[BlackFideId "12923044"]
[WhiteElo "2435"]
[BlackElo "2502"]
[Result "0-1"]
[Round "7"]
[TimeControl "180+2"]
[Date "2023.06.07"]
[WhiteClock "0:00:01"]
[BlackClock "0:00:46"]
[Board "24"]

1. d4 Nf6 2. c4 e6 3. Nc3 Bb4 4. e3 O-O 5. Bd3 b6 6. e4 c5 7. a3 cxd4 8. axb4 dxc3 9. bxc3 d5 10. e5 Ne4 11. Ne2 Bb7 12. f3 Nxc3 13. Nxc3 Qh4+ 14. Kf1 Nc6 15. cxd5 Nxe5 16. Be2 Rfd8 17. Be3 Bxd5 18. Qe1 Qf6 19. Nxd5 Rxd5 20. Kg1 a5 21. bxa5 bxa5 22. h4 a4 23. h5 a3 24. h6 g5 25. Rh5 Ng6 26. Qc1 a2 27. Rxg5 Rxg5 28. Bxg5 Qe5 29. Be3 Nh4 30. Bf1 Qg3 31. Kh1 Nf5 32. Bf4 Qh4+ 33. Kg1 Qf6 34. Kh1 Qh4+ 35. Kg1 Qf6 36. Bd2 Qd4+ 37. Kh1 Nd6 38. Be3 Qe5 39. Kg1 Nf5 40. Bf2 Qf6 41. Qd1 Nxh6 42. Bc4 Nf5 43. Rxa2 Rc8 44. Bd3 Rd8 45. Rd2 Qg5 46. Bxf5 Rxd2 47. Bxh7+ Kxh7 48. Qb1+ Qg6 49. Qe1 Qd3 50. Qe5 Rd1+ 51. Kh2 Qd6 52. Bg3 Qxe5 53. Bxe5 Kg6 54. Kg3 Rd2 55. Bc3 Rc2 56. Bd4 f6 57. Be3 e5 58. Bb6 f5 59. Ba5 Kf6 60. Bb6 Ke6 0-1


[Site "https://www.chess.com"]

[Event "Titled Tuesday Blitz June 6 Late 2023"]
[White "Chigaev, Maksim"]
[Black "Popilski, Gil"]
[WhiteFideId "4108116"]
[BlackFideId "2809060"]
[WhiteElo "2561"]
[BlackElo "2537"]
[Result "0-1"]
[Round "7"]
[TimeControl "180+2"]
[Date "2023.06.07"]
[WhiteClock "0:00:01"]
[BlackClock "0:00:07"]
[Board "25"]

1. d4 Nf6 2. c4 e6 3. g3 Bb4+ 4. Nc3 d5 5. Nf3 O-O 6. Bg2 dxc4 7. O-O Nc6 8. Re1 Nd5 9. Qc2 Be7 10. a3 Na5 11. Rb1 h6 12. e4 Nxc3 13. Qxc3 c5 14. dxc5 Bxc5 15. b4 Bb6 16. Bb2 f6 17. bxa5 Bxa5 18. Qxc4 Bxe1 19. Rxe1 b5 20. Qxb5 e5 21. Bc3 Be6 22. Qa6 Qc8 23. Qa5 Rd8 24. h4 Rd3 25. Bb4 Qd7 26. Kh2 Rc8 27. Bc5 Rc7 28. Ng1 Rb7 29. Bb4 Kh7 30. Ne2 Rb3 31. Rc1 Rb2 32. Qa6 Rb6 33. Qa5 Rxe2 34. Bc5 Rc6 35. Rf1 Qc7 36. Qxc7 Rxc7 37. Be3 Ra2 38. Rc1 Rxc1 0-1


[Site "https://www.chess.com"]

[Event "Titled Tuesday Blitz June 6 Late 2023"]
[White "Veiga, Jose Francisco R P Neves"]
[Black "Baskakov, Egor"]
[WhiteFideId "1930087"]
[BlackFideId "24197866"]
[WhiteElo "2319"]
[BlackElo "2225"]
[Result "0-1"]
[Round "7"]
[TimeControl "180+2"]
[Date "2023.06.07"]
[WhiteClock "0:00:03"]
[BlackClock "0:00:34"]
[Board "26"]

1. e4 c5 2. Nf3 Nf6 3. Nc3 d5 4. exd5 Nxd5 5. Bb5+ Bd7 6. Bxd7+ Qxd7 7. O-O Nc6 8. d3 Nxc3 9. bxc3 g6 10. Rb1 Bg7 11. Bd2 O-O 12. Re1 e5 13. Qe2 Rfe8 14. Qe4 h6 15. Qc4 Rac8 16. Be3 Nd4 17. cxd4 cxd4 18. Qb3 dxe3 19. Rxe3 b5 20. Rbe1 Qc7 21. R3e2 a6 22. Qd5 Qc6 23. Qb3 Qc3 24. Qb1 Re6 25. h3 Bf6 26. Nh2 h5 27. Nf1 Bd8 28. Ne3 Ba5 29. Rf1 Qd4 30. Qd1 Bb6 31. g3 Qa4 32. Qb1 h4 33. Nd5 Ba7 34. Kg2 Qd4 35. Ne3 f5 36. Qb3 Kf7 37. Rfe1 hxg3 38. fxg3 Qc3 39. Qd5 Bxe3 40. Rxe3 Qxc2+ 41. R1e2 Qc6 42. Qxc6 Rcxc6 43. Rxe5 Rxe5 44. Rxe5 Rc2+ 45. Kf3 Rxa2 46. Rc5 Rb2 47. Rc7+ Ke8 48. Rc6 a5 49. Rxg6 a4 50. Ra6 Rb3 51. Kf4 Rxd3 52. h4 a3 53. h5 b4 54. h6 Kf7 55. Kxf5 Rd5+ 56. Ke4 Rb5 0-1


[Site "https://www.chess.com"]

[Event "Titled Tuesday Blitz June 6 Late 2023"]
[White "Skatchkov, Pavel"]
[Black "Bryakin, Mikhail"]
[WhiteFideId "4121848"]
[BlackFideId "4165314"]
[WhiteElo "2476"]
[BlackElo "2464"]
[Result "1-0"]
[Round "7"]
[TimeControl "180+2"]
[Date "2023.06.07"]
[WhiteClock "0:00:16"]
[BlackClock "0:00:04"]
[Board "27"]

1. d4 c6 2. c4 Nf6 3. Nf3 g6 4. g3 Bg7 5. Bg2 O-O 6. O-O d6 7. Nc3 Bf5 8. Nh4 Bd7 9. Nf3 Bf5 10. Nh4 Bd7 11. e4 e5 12. Nf3 Qe7 13. h3 Na6 14. Be3 Rfe8 15. Qc2 b5 16. c5 exd4 17. cxd6 Qxd6 18. Bxd4 Qe7 19. e5 Nd5 20. Ne4 Bf5 21. b3 c5 22. Bb2 Nab4 23. Qe2 Rac8 24. Rfe1 Bxe4 25. Qxe4 Nb6 26. a3 Nc6 27. Rad1 Na5 28. Qe3 c4 29. b4 Nb3 30. Ng5 Red8 31. e6 f6 32. Ne4 Na4 33. Rxd8+ Rxd8 34. Bc3 Nxc3 35. Nxc3 f5 36. Nd5 Qd6 37. e7 Re8 38. Qxa7 Nd4 39. Nc7 Rxe7 40. Bd5+ Rf7 41. Qb8+ Bf8 42. Bxf7+ Kxf7 43. Qe8+ Kg7 44. Ne6+ Nxe6 45. Qxe6 Qd2 46. Qe5+ Kg8 47. Re2 Qd1+ 48. Kg2 c3 49. Qe6+ Kg7 50. Qe5+ Kg8 51. Re1 Qd2 52. Qe6+ Kg7 53. Qe5+ Kg8 54. Qe6+ Kg7 55. Rf1 c2 56. Qe3 Qd5+ 57. Qf3 Qd2 58. Qe3 Qd5+ 59. Kh2 Bd6 60. Rc1 f4 61. Qc3+ Be5 62. Qxc2 Qf3 63. Rg1 fxg3+ 64. Rxg3 Bxg3+ 65. fxg3 Qxa3 66. Qc7+ Kh6 67. Qf4+ Kg7 68. Qe5+ Kh6 69. Qxb5 Qb2+ 70. Kg1 Qd4+ 71. Kg2 Qd2+ 72. Kf3 Qd1+ 73. Ke4 Qh1+ 74. Kd4 Qxh3 75. Qd3 Qd7+ 76. Kc3 Qc6+ 77. Kb3 Qe6+ 78. Qc4 Qe3+ 79. Qc3 Qe6+ 80. Ka3 Qa6+ 81. Kb2 Qe2+ 82. Kb3 Qe6+ 83. Kc2 Qa6 84. Qd2+ Kg7 85. Qd4+ Kh6 86. Qf4+ Kg7 87. Kb3 Qa1 88. b5 Qb1+ 89. Kc4 Qc2+ 90. Kb4 Qb1+ 91. Kc5 Qc2+ 92. Qc4 Qb1 93. b6 Qf5+ 94. Qd5 Qc8+ 95. Kb5 Qe8+ 96. Qc6 Qe2+ 97. Qc4 Qb2+ 98. Kc6 Qg2+ 99. Qd5 Qxg3 100. b7 Qc3+ 101. Qc5 Qf3+ 102. Kb6 Qb3+ 103. Kc7 Qg3+ 104. Kc8 Qg4+ 105. Kc7 Qg3+ 106. Qd6 Qc3+ 107. Kd8 Qb3 108. b8=Q Qg8+ 109. Kc7 Qa2 110. Qd7+ Kh6 111. Qb6 Qc2+ 112. Qbc6 Qh2+ 113. Qdd6 Qa2 114. Qf4+ Kg7 115. Qd7+ Kg8 116. Qe8+ Kg7 117. Qff8# 1-0


[Site "https://www.chess.com"]

[Event "Titled Tuesday Blitz June 6 Late 2023"]
[White "Schmakel, Sam"]
[Black "Annaberdiyev, Meylis"]
[WhiteFideId "2039311"]
[BlackFideId "14000563"]
[WhiteElo "2356"]
[BlackElo "2416"]
[Result "1-0"]
[Round "7"]
[TimeControl "180+2"]
[Date "2023.06.07"]
[WhiteClock "0:01:17"]
[BlackClock "0:00:24"]
[Board "28"]

1. d4 Nf6 2. Nc3 d5 3. Bf4 e6 4. e3 Bb4 5. Ne2 O-O 6. h4 Nbd7 7. h5 Re8 8. a3 Bd6 9. Qd2 e5 10. Bg5 h6 11. Bh4 c6 12. g4 exd4 13. Nxd4 Ne5 14. Be2 c5 15. Ndb5 d4 16. O-O-O dxc3 17. Qxc3 Re6 18. Nxd6 Rxd6 19. Qxe5 Rxd1+ 20. Rxd1 Qb6 21. Bxf6 gxf6 22. Qe8+ Kg7 23. Rd8 1-0


[Site "https://www.chess.com"]

[Event "Titled Tuesday Blitz June 6 Late 2023"]
[White "MaryanKyrychenko"]
[Black "Maksimovic, Bojan"]
[BlackFideId "14408120"]
[WhiteElo "2638"]
[BlackElo "2457"]
[Result "0-1"]
[Round "7"]
[TimeControl "180+2"]
[Date "2023.06.07"]
[WhiteClock "0:00:04"]
[BlackClock "0:00:08"]
[Board "29"]

1. e4 c5 2. Nc3 e6 3. f4 d5 4. Nf3 dxe4 5. Bb5+ Nd7 6. Nxe4 a6 7. Bxd7+ Bxd7 8. O-O Be7 9. d4 cxd4 10. Qxd4 Nf6 11. Nd6+ Bxd6 12. Qxd6 Bc6 13. Qa3 Bxf3 14. Rxf3 Qe7 15. b3 h5 16. Qxe7+ Kxe7 17. Ba3+ Ke8 18. Rd1 Rc8 19. c4 h4 20. Rfd3 Rh5 21. Bb2 b5 22. Be5 bxc4 23. bxc4 Ke7 24. Rb1 Ne8 25. Rb7+ Kf8 26. Rdd7 f6 27. Bb2 Ra5 28. a3 Ra4 29. c5 Rxc5 30. Rb8 Rd5 31. Ra7 Rxf4 32. g3 Rc4 33. Raa8 Rc2 34. Rxe8+ Kf7 35. Rf8+ Kg6 36. Rad8 Rxd8 37. Rxd8 Rxb2 38. Rd6 hxg3 39. hxg3 Rb3 40. Rxa6 Rxg3+ 41. Kf2 Rb3 42. a4 Ra3 43. a5 Kf5 44. Ra8 e5 45. a6 Kf4 46. a7 f5 47. Ke2 e4 48. Kf2 Ra2+ 49. Kf1 e3 50. Ke1 Kf3 51. Rd8 Rxa7 52. Rd1 f4 53. Rb1 g5 54. Kf1 g4 55. Kg1 g3 56. Kh1 g2+ 57. Kg1 Rh7 58. Rb7 Rh1# 0-1


[Site "https://www.chess.com"]

[Event "Titled Tuesday Blitz June 6 Late 2023"]
[White "Abrahamyan, Tatev"]
[Black "Fernandez Guillen, Ernesto J."]
[WhiteFideId "13301918"]
[BlackFideId "3512428"]
[WhiteElo "2342"]
[BlackElo "2434"]
[Result "0-1"]
[Round "7"]
[TimeControl "180+2"]
[Date "2023.06.07"]
[WhiteClock "0:00:20"]
[BlackClock "0:00:10"]
[Board "30"]

1. e4 e5 2. Nf3 Nc6 3. Bc4 g6 4. d4 exd4 5. Nxd4 Bg7 6. Be3 Nge7 7. O-O O-O 8. Nc3 Ne5 9. Be2 d5 10. f4 Nd7 11. Nxd5 Nxd5 12. exd5 Nf6 13. c4 Re8 14. Bc1 Ne4 15. Nf3 Qd6 16. Qe1 Bg4 17. Qh4 h5 18. h3 Bf6 19. Qe1 Bf5 20. Nh4 Bd7 21. Bf3 Nd2 22. Qxd2 Bxh4 23. f5 Bxf5 24. Bxh5 Qg3 25. Bf3 Bxh3 26. Qf4 Bf5 27. Bd2 Qxf4 28. Bxf4 Be7 29. Bxc7 Bc5+ 30. Kh2 Kg7 31. Kg3 Rac8 32. Be5+ Rxe5 33. Rae1 Ree8 34. Rd1 Bd6+ 35. Kf2 Bc5+ 36. Kg3 Bd6+ 37. Kf2 b6 38. Be2 Bc5+ 39. Kg3 Re3+ 40. Bf3 Rce8 41. Rh1 Bd6+ 42. Kf2 Bc5 43. Kg3 Be4 44. d6 Bxf3 45. gxf3 Rd8 46. d7 Re7 47. Rd2 Rexd7 48. Re2 Rd2 49. Re4 Bd6+ 50. Kg4 f5+ 0-1


[Site "https://www.chess.com"]

[Event "Titled Tuesday Blitz June 6 Late 2023"]
[White "Pakleza, Zbigniew"]
[Black "Bitoon, Richard"]
[WhiteFideId "1119290"]
[BlackFideId "5201110"]
[WhiteElo "2410"]
[BlackElo "2374"]
[Result "0-1"]
[Round "7"]
[TimeControl "180+2"]
[Date "2023.06.07"]
[WhiteClock "0:00:06"]
[BlackClock "0:00:58"]
[Board "31"]

1. d4 Nf6 2. Nf3 g6 3. Bf4 d6 4. h3 Bg7 5. e3 O-O 6. Be2 c5 7. c3 Nc6 8. O-O cxd4 9. cxd4 Nd5 10. Bh2 Qb6 11. Nc3 Be6 12. e4 Nxc3 13. bxc3 Na5 14. Qa4 Rfc8 15. Rab1 Qc7 16. Rfc1 Bc4 17. Bxc4 Nxc4 18. Bf4 a6 19. Qb3 b5 20. a4 e5 21. Bg3 Qc6 22. axb5 axb5 23. dxe5 dxe5 24. Qxb5 Qxe4 25. Re1 Qf5 26. Qb7 Re8 27. Qd5 Rac8 28. Rb7 Red8 29. Qb5 Nd6 30. Qb6 Nxb7 31. Qxb7 Rxc3 32. Nxe5 Rxg3 33. Nc6 Rxg2+ 34. Kxg2 Qg5+ 35. Kf1 Rf8 36. Qe7 Qb5+ 0-1


[Site "https://www.chess.com"]